[Event "Titled Tuesday Blitz May 03 Early 2022"]
[White "Silvestre, Christian"]
[Black "Harish, Neeraj"]
[WhiteFideId "30956269"]
[BlackFideId "30958130"]
[WhiteElo "2352"]
[BlackElo "1574"]
[Result "1-0"]
[Round "05"]
[TimeControl "180+1"]
[Date "2022.05.03"]
[WhiteClock "0:00:12"]
[BlackClock "0:00:06"]

1. c4 Nf6 2. Nf3 g6 3. Nc3 Bg7 4. e4 e5 5. g3 O-O 6. Bg2 Nc6 7. h3 d6 8. d3 Be6 9. Rb1 a5 10. a3 Nd7 11. Ng5 h6 12. Nxe6 fxe6 13. Ne2 a4 14. O-O Nf6 15. Be3 d5 16. Qc1 Kh7 17. Rd1 d4 18. Bd2 Nd7 19. Qc2 Nc5 20. Rf1 Qd7 21. h4 b6 22. Bh3 Qd6 23. Nc1 Rf3 24. Bg4 Rf7 25. Be2 Raf8 26. Qd1 h5 27. Bb4 Ra8 28. Bd2 Bh6 29. Bxh6 Kxh6 30. Kg2 Raf8 31. Qd2+ Kh7 32. Bd1 Qd8 33. Na2 Qd7 34. Nb4 Na5 35. Qg5 Nab3 36. Bxb3 Nxb3 37. Rbd1 c5 38. Nc2 Qd6 39. Ne1 Na5 40. f3 Nc6 41. f4 exf4 42. gxf4 e5 43. f5 gxf5 44. Qxh5+ Kg8 45. Kh2 Rg7 46. Nf3 f4 47. Ng5 Qg6 48. Qg4 f3 49. Qe6+ Qxe6 50. Nxe6 Rg2+ 51. Kh3 Rf7 52. Ng5 Rg7 53. Rxf3 Rxb2 54. Rdf1 Rb3 55. Rf8# 1-0


[Site "https://www.chess.com"]

[Event "Titled Tuesday Blitz May 03 Early 2022"]
[White "Sirosh, Ilja"]
[Black "Samarth, J Rao"]
[WhiteFideId "4500458"]
[BlackFideId "46652370"]
[WhiteElo "2241"]
[BlackElo "1514"]
[Result "1-0"]
[Round "05"]
[TimeControl "180+1"]
[Date "2022.05.03"]
[WhiteClock "0:01:33"]
[BlackClock "0:01:12"]

1. e4 c5 2. Nf3 g6 3. c4 Bg7 4. d4 cxd4 5. Nxd4 Nc6 6. Be3 Nf6 7. Nc3 O-O 8. Be2 d6 9. O-O Bd7 10. h3 Nxd4 11. Bxd4 Bc6 12. Qc2 a5 13. Rad1 Nd7 14. Bxg7 Kxg7 15. Bg4 Nc5 16. e5 Qc7 17. exd6 exd6 18. Nd5 Bxd5 19. Rxd5 Rad8 20. Qc3+ f6 21. Bf3 Rfe8 22. Rfd1 Re5 23. b3 b6 24. h4 Rxd5 25. Rxd5 Re8 26. h5 Qe7 27. Kh2 Ne6 28. Qd2 Ng5 29. h6+ Kxh6 30. Rxd6 Qe5+ 31. g3 Qe1 32. Bg2 Qe5 33. f4 1-0


[Site "https://www.chess.com"]

[Event "Titled Tuesday Blitz May 03 Early 2022"]
[White "Sjugirov, Sanan"]
[Black "Arabidze, Meri"]
[WhiteFideId "4189302"]
[BlackFideId "13604040"]
[WhiteElo "2907"]
[BlackElo "2663"]
[Result "1-0"]
[Round "05"]
[TimeControl "180+1"]
[Date "2022.05.03"]
[WhiteClock "0:01:50"]
[BlackClock "0:00:06"]

1. d4 f5 2. Bf4 Nf6 3. e3 e6 4. Nf3 b6 5. Bd3 Bb7 6. Nbd2 Bd6 7. Qe2 Bxf4 8. exf4 O-O 9. O-O-O a5 10. Kb1 Ba6 11. g3 Bxd3 12. Qxd3 Nc6 13. c3 a4 14. Ne5 Ne7 15. a3 c6 16. h3 b5 17. Rhe1 Ned5 18. Qf3 Ne8 19. Nd3 Nd6 20. Re2 Rb8 21. Ka1 Qc7 22. Nc5 Rb6 23. Rde1 Nc4 24. Nb1 Qd6 25. Qd3 Rbb8 26. Nd2 Nxd2 27. Qxd2 Rbe8 28. Qd3 Re7 29. Qf3 Qb8 30. Nd3 Rfe8 31. Ne5 Qc7 32. g4 Rf8 33. Rg1 d6 34. Nd3 Ref7 35. Rxe6 fxg4 36. Rxg4 Qd7 37. Re1 Qf5 38. Reg1 g6 39. h4 Nf6 40. Rg5 Qe4 41. Qg3 Kh8 42. Re1 d5 43. Rxe4 Nxe4 44. Qe3 Nxg5 45. hxg5 1-0


[Site "https://www.chess.com"]

[Event "Titled Tuesday Blitz May 03 Early 2022"]
[White "Sokolovsky, Yahli"]
[Black "Lorparizangeneh, Shahin"]
[WhiteFideId "2820242"]
[BlackFideId "12521604"]
[WhiteElo "1770"]
[BlackElo "2525"]
[Result "0-1"]
[Round "05"]
[TimeControl "180+1"]
[Date "2022.05.03"]
[WhiteClock "0:00:02"]
[BlackClock "0:00:07"]

1. b3 e5 2. Bb2 Nc6 3. e3 Nf6 4. Nf3 Bd6 5. d4 e4 6. Nfd2 O-O 7. c4 Re8 8. Nc3 Bb4 9. d5 Ne5 10. Qc2 d6 11. a3 Ba5 12. b4 Bb6 13. Ncxe4 Nxe4 14. Qxe4 Ng4 15. Qf4 Nxe3 16. fxe3 Bxe3 17. Qf3 Bd4+ 18. Kd1 Bxb2 19. Rb1 Bd4 20. Bd3 Qh4 21. Kc2 Bd7 22. Rbf1 Re7 23. g3 Ba4+ 24. Kc1 Qh6 25. Qf4 Qxf4 26. Rxf4 Be3 27. Rf3 Bd7 28. h3 a5 29. b5 a4 30. g4 Bc5 31. Kb2 Rae8 32. Rhf1 Bd4+ 33. Kc2 f6 34. Rf4 Bc5 35. Ne4 Bxa3 36. Ra1 Bc5 37. Nxc5 dxc5 38. Rxa4 Re3 39. Ra7 Bc8 40. Ra8 Kf8 41. h4 Rxd3 42. Kxd3 Bf5+ 43. Rxf5 Rxa8 44. g5 Kf7 45. gxf6 gxf6 46. Rf1 Ra3+ 47. Ke4 Rc3 48. Kf5 Rxc4 49. Ra1 Rxh4 50. Ra7 Rh5+ 51. Ke4 Re5+ 52. Kf4 Rxd5 53. Rxb7 Kg6 54. Rxc7 c4 55. b6 Rb5 56. b7 c3 57. Ke3 c2 58. Kd2 h5 59. Kxc2 h4 60. Kd2 Kg5 61. Rc5+ Rxc5 62. b8=Q Re5 63. Qg8+ Kf4 64. Qh7 Kg4 65. Qg7+ Kf5 66. Qh6 Re4 67. Kd3 Rg4 68. Qh5+ Kf4 69. Qh6+ Kf5 70. Qh7+ Kf4 71. Qe4+ Kg5 72. Qe3+ Kg6 73. Qe8+ Kf5 74. Ke2 Re4+ 0-1


[Site "https://www.chess.com"]

[Event "Titled Tuesday Blitz May 03 Early 2022"]
[White "Srihari L R"]
[Black "Kozak, Adam"]
[WhiteFideId "46617116"]
[BlackFideId "753246"]
[WhiteElo "2121"]
[BlackElo "2459"]
[Result "1-0"]
[Round "05"]
[TimeControl "180+1"]
[Date "2022.05.03"]
[WhiteClock "0:00:23"]
[BlackClock "0:00:12"]

1. d4 c5 2. d5 Nf6 3. c4 b5 4. cxb5 a6 5. bxa6 g6 6. Nc3 Bg7 7. g3 O-O 8. Bg2 d6 9. Nf3 Qa5 10. O-O Bxa6 11. Bd2 Nbd7 12. Rb1 Rfb8 13. b3 Ng4 14. Qc2 Nge5 15. Nxe5 Nxe5 16. Rfe1 Nd7 17. h3 Bb7 18. a4 Ba6 19. Kh2 Qd8 20. f4 Rb6 21. e4 Bc8 22. Nb5 Nb8 23. Na3 Na6 24. Ba5 Nb4 25. Bxb6 Qxb6 26. Qd2 Ba6 27. Bf1 Bb7 28. Nc4 Qc7 29. Bg2 Rd8 30. Rbd1 Ba6 31. e5 Bxc4 32. bxc4 Qa5 33. Re2 Qxa4 34. Rde1 Qa8 35. h4 Qa6 36. exd6 exd6 37. Re8+ Rxe8 38. Rxe8+ Bf8 39. Qc3 Qb7 40. Qf6 Qd7 41. Rd8 Qc7 42. Bh3 Nd3 43. Rc8 Qb6 44. Qe7 Qb2+ 45. Bg2 Qg7 46. Qxd6 h5 47. Qd8 Ne1 48. d6 Kh7 49. Qxf8 Qb2 50. Qg8+ Kh6 51. Qh8+ Qxh8 52. Rxh8+ Kg7 53. d7 Kxh8 54. d8=Q+ Kg7 55. Be4 Nc2 56. Bxc2 f5 57. Qe7+ Kh6 58. Qf7 g5 59. fxg5# 1-0


[Site "https://www.chess.com"]

[Event "Titled Tuesday Blitz May 03 Early 2022"]
[White "Stanisz, Patryk"]
[Black "Nan, M K Khine Hlyan"]
[WhiteFideId "1123106"]
[BlackFideId "13002899"]
[WhiteElo "1833"]
[BlackElo "1943"]
[Result "1-0"]
[Round "05"]
[TimeControl "180+1"]
[Date "2022.05.03"]
[WhiteClock "0:00:08"]
[BlackClock "0:00:01"]

1. Nf3 d5 2. c4 c6 3. e3 Nf6 4. b3 Nbd7 5. Bb2 Qc7 6. Nc3 e5 7. Rc1 e4 8. Nd4 Ne5 9. cxd5 Bg4 10. f3 exf3 11. gxf3 Bh5 12. dxc6 bxc6 13. Be2 Bc5 14. Ncb5 cxb5 15. Nxb5 Qb6 16. Bxe5 O-O 17. d4 Bb4+ 18. Kf2 Rac8 19. a4 Nd5 20. Rg1 Bg6 21. e4 Nc3 22. Nxc3 Bxc3 23. Qd3 Bb4 24. h4 h5 25. Rc4 a5 26. Rgc1 Rce8 27. Rc6 Qa7 28. Kg2 Qe7 29. Bg3 Rd8 30. Qc4 Kh7 31. d5 f5 32. Rc7 Qe8 33. Qd4 Rg8 34. Bf4 fxe4 35. fxe4 Bxe4+ 36. Qxe4+ Qxe4+ 37. Bf3 1-0


[Site "https://www.chess.com"]

[Event "Titled Tuesday Blitz May 03 Early 2022"]
[White "Stribuk, Artiom"]
[Black "Tatarinov, Dmitry"]
[WhiteFideId "13515659"]
[BlackFideId "24160067"]
[WhiteElo "2259"]
[BlackElo "2302"]
[Result "1-0"]
[Round "05"]
[TimeControl "180+1"]
[Date "2022.05.03"]
[WhiteClock "0:00:05"]
[BlackClock "0:00:10"]

1. d4 Nf6 2. c4 e6 3. Nc3 d5 4. cxd5 exd5 5. Bg5 Be7 6. e3 c6 7. Bd3 O-O 8. Qc2 Nbd7 9. Nf3 Re8 10. O-O Nf8 11. h3 g6 12. Ne5 Ne6 13. f4 Nd7 14. Bh6 Ng7 15. Rae1 Nxe5 16. fxe5 Nf5 17. Bf4 Be6 18. g4 Ng7 19. Kh2 Rc8 20. Qf2 Bh4 21. Bg3 Bxg3+ 22. Qxg3 a6 23. Rf6 c5 24. Ref1 b5 25. Ne2 c4 26. Bb1 b4 27. Nf4 c3 28. bxc3 Rxc3 29. Nxe6 fxe6 30. Qf4 Rc7 31. Qh6 a5 32. h4 a4 33. h5 Nf5 34. gxf5 gxf5 35. Rg1+ Kh8 36. Kh3 Rce7 37. Rfg6 Qc7 38. R6g2 Rf7 39. Bc2 b3 40. axb3 a3 41. Bb1 Qc3 42. Kh2 Qc7 43. Qxe6 Qe7 44. Qxe7 Rfxe7 45. Ra2 Rf8 46. Rxa3 f4 47. e4 f3 48. Rf1 Rg7 49. Ra2 Rg5 50. exd5 Rf4 51. Kh1 Rxh5+ 52. Rh2 Rg5 53. d6 Kg8 54. d7 Rxd4 55. e6 Re5 56. Rxh7 Rxe6 57. Rg1+ Kf8 58. Rh8+ Ke7 59. Rg7+ Kf6 60. d8=Q+ Rxd8 61. Rxd8 Kxg7 62. Rd1 Re1+ 63. Rxe1 1-0


[Site "https://www.chess.com"]

[Event "Titled Tuesday Blitz May 03 Early 2022"]
[White "Suarez Uriel, Adrian"]
[Black "Kim, Sergey"]
[WhiteFideId "22230874"]
[BlackFideId "13700570"]
[WhiteElo "2316"]
[BlackElo "2571"]
[Result "1-0"]
[Round "05"]
[TimeControl "180+1"]
[Date "2022.05.03"]
[WhiteClock "0:02:08"]
[BlackClock "0:01:11"]

1. e4 e5 2. Nf3 Nc6 3. Bb5 a6 4. Ba4 Nf6 5. O-O b5 6. Bb3 Bc5 7. c3 d6 8. d4 Bb6 9. a4 Bb7 10. Re1 h6 11. Na3 O-O 12. axb5 axb5 13. Be3 exd4 14. Nxd4 Nxd4 15. Bxd4 Bxd4 16. Qxd4 c5 17. Qd2 Nxe4 18. Qf4 d5 19. Nxb5 Rxa1 20. Rxa1 Qb6 21. c4 d4 22. Bc2 Nf6 23. Ra7 Re8 24. h3 Qc6 25. f3 Re2 26. Bf5 g5 27. Qb8+ Kg7 28. Qxb7 Qxb7 29. Rxb7 Rxb2 30. Nd6 Rxb7 31. Nxb7 Ne8 32. Nxc5 Nd6 33. Bd3 Kf6 34. Ne4+ 1-0


[Site "https://www.chess.com"]

[Event "Titled Tuesday Blitz May 03 Early 2022"]
[White "Sychev, Klementy"]
[Black "Jaracz, Pawel"]
[WhiteFideId "4114060"]
[BlackFideId "1102222"]
[WhiteElo "2564"]
[BlackElo "2429"]
[Result "1-0"]
[Round "05"]
[TimeControl "180+1"]
[Date "2022.05.03"]
[WhiteClock "0:01:32"]
[BlackClock "0:00:08"]

1. e4 c5 2. Nf3 Nc6 3. d4 cxd4 4. Nxd4 Nf6 5. Nc3 e5 6. Ndb5 d6 7. Bg5 a6 8. Na3 b5 9. Bxf6 gxf6 10. Nd5 Bg7 11. g3 f5 12. exf5 Bxf5 13. Bg2 Rc8 14. c3 O-O 15. Nc2 Be6 16. a4 f5 17. axb5 axb5 18. Ra6 Kh8 19. O-O Nb8 20. Ra7 Nc6 21. Ra6 f4 22. Nb6 Rc7 23. Na8 Bd7 24. Qxd6 Rc8 25. Nb6 f3 26. Nxd7 fxg2 27. Rd1 Nb8 28. Nxf8 1-0


[Site "https://www.chess.com"]

[Event "Titled Tuesday Blitz May 03 Early 2022"]
[White "Taboas Rodriguez, Daniel"]
[Black "Djordjevic, Vuk"]
[WhiteFideId "2208466"]
[BlackFideId "902098"]
[WhiteElo "2429"]
[BlackElo "2496"]
[Result "0-1"]
[Round "05"]
[TimeControl "180+1"]
[Date "2022.05.03"]
[WhiteClock "0:00:02"]
[BlackClock "0:00:07"]

1. d4 Nf6 2. Nf3 e6 3. c4 b6 4. Nc3 Bb7 5. Bg5 d5 6. cxd5 exd5 7. e3 Be7 8. Bb5+ c6 9. Bd3 O-O 10. O-O Nbd7 11. Qe2 Re8 12. Rac1 a5 13. Rfd1 b5 14. h3 Nb6 15. Ne5 h6 16. Bf4 Nfd7 17. Nxd7 Qxd7 18. Nxb5 Rec8 19. Nc3 c5 20. dxc5 Bxc5 21. Qh5 Qe7 22. Qf5 g6 23. Qg4 Kg7 24. Qg3 Nd7 25. Ne2 Qe6 26. Nd4 Bxd4 27. exd4 Rxc1 28. Rxc1 Ba6 29. Bxa6 Rxa6 30. Be5+ Kh7 31. Rc7 Rc6 32. Rxc6 Qxc6 33. Qf4 Qe6 34. Kf1 a4 35. Qe3 Qa6+ 36. Qe2 Qc6 37. Bf4 g5 38. Be3 Nf6 39. Kg1 Ne4 40. Qd3 f5 41. f3 Nd6 42. g4 Kg6 43. Bd2 Qc4 44. Qxc4 dxc4 45. Kf2 Nb5 46. Bc3 h5 47. Ke2 Nc7 48. Kd2 Nd5 49. Kc2 Nf4 50. Bd2 Nxh3 51. gxh5+ Kxh5 52. Kc3 Ng1 53. d5 Nxf3 54. d6 Ne5 55. Kd4 Nf7 56. d7 f4 57. Kd5 f3 58. Be3 g4 59. Bb6 g3 60. Ke6 Nd8+ 61. Bxd8 f2 62. Bf6 f1=Q 63. d8=Q Qe2+ 64. Be5 Qg4+ 65. Kf7 Qf5+ 66. Bf6 g2 67. Qh8+ Kg4 68. Qh4+ Kf3 69. Qe1 Qd5+ 70. Kg6 Qd3+ 71. Kg5 Qe3+ 72. Qxe3+ Kxe3 73. Bd8 Kd3 74. Bb6 Kc2 75. Kf4 Kxb2 76. Kf3 c3 77. Kxg2 c2 78. Be3 Kxa2 79. Kf3 Kb1 80. Ke2 a3 81. Kd3 a2 82. Bd4 c1=Q 0-1


[Site "https://www.chess.com"]

[Event "Titled Tuesday Blitz May 03 Early 2022"]
[White "Tan, Jun Ying"]
[Black "Oganian, Miran"]
[WhiteFideId "5710413"]
[BlackFideId "4122488"]
[WhiteElo "1827"]
[BlackElo "2357"]
[Result "0-1"]
[Round "05"]
[TimeControl "180+1"]
[Date "2022.05.03"]
[WhiteClock "0:00:08"]
[BlackClock "0:00:22"]

1. d4 e6 2. c4 d5 3. Nc3 a6 4. cxd5 exd5 5. Nf3 Nf6 6. Bg5 Be7 7. e3 O-O 8. Bd3 c6 9. Qc2 Nbd7 10. O-O Re8 11. Ne5 Nf8 12. f4 Ng4 13. Bxe7 Rxe7 14. Rae1 f6 15. Nxg4 Bxg4 16. h3 Bh5 17. g4 Bg6 18. f5 Bf7 19. Qf2 b5 20. Ne2 Qd6 21. Rc1 Rae8 22. Qf4 Qd7 23. Rf3 g5 24. fxg6 Bxg6 25. Bf5 Bxf5 26. gxf5 Rg7+ 27. Kf2 Re4 28. Qh2 Qe8 29. Ng3 Rh4 30. Rg1 Nd7 31. Ne2 Rh5 32. Rxg7+ Kxg7 33. Qd6 Nf8 34. Rg3+ Kf7 35. Qc7+ Qd7 36. Qxd7+ Nxd7 37. Rf3 Rg5 38. Ng3 c5 39. dxc5 Ne5 40. c6 Nxf3 41. Kxf3 Rg8 42. Ne2 Ke7 43. Nd4 Kd6 44. a3 Rg1 45. e4 dxe4+ 46. Kxe4 Rg2 47. b3 Rg3 48. c7 Kxc7 49. Kd5 Kd7 50. Kc5 Rxh3 51. Kb6 Rd3 52. Nc2 Rxb3 53. Kxa6 h5 54. Ka5 h4 55. Kb6 h3 56. Nd4 Rxa3 57. Nxb5 Rb3 0-1


[Site "https://www.chess.com"]

[Event "Titled Tuesday Blitz May 03 Early 2022"]
[White "Tanenbaum, Zachary"]
[Black "Bartel, Michal"]
[WhiteFideId "2060850"]
[BlackFideId "1119257"]
[WhiteElo "2715"]
[BlackElo "2550"]
[Result "1-0"]
[Round "05"]
[TimeControl "180+1"]
[Date "2022.05.03"]
[WhiteClock "0:00:15"]
[BlackClock "0:00:18"]

1. e4 e5 2. Nf3 Nc6 3. Bc4 Nf6 4. d3 h6 5. Nbd2 g6 6. a4 Bg7 7. c3 O-O 8. O-O d5 9. exd5 Nxd5 10. Re1 Be6 11. Ne4 b6 12. Bd2 Nce7 13. Ng3 Qd6 14. Qe2 Nf4 15. Bxf4 exf4 16. Ne4 Qd7 17. Bxe6 Qxe6 18. Qd2 Rad8 19. Qxf4 Nd5 20. Qd2 Qf5 21. Ng3 Qd7 22. a5 c5 23. axb6 axb6 24. d4 Nc7 25. Ne2 Ne6 26. Rad1 Qd5 27. dxc5 Qxc5 28. Qc2 b5 29. Nc1 b4 30. Nd3 Qh5 31. Nxb4 Nf4 32. Nd3 Nxg2 33. Kxg2 Qg4+ 34. Kf1 Qxf3 35. Re3 Qh1+ 36. Ke2 Qxh2 37. b4 Qh5+ 38. Kd2 Rc8 39. c4 Rfd8 40. c5 Qf5 41. Ke2 Bd4 42. Re7 Qf6 43. Re4 Qf5 44. f3 Qh3 45. Re1 Qg2+ 46. Kd1 Qxf3+ 47. Qe2 Qf5 48. Rf1 Qd5 49. Ke1 Bc3+ 50. Kf2 Qxd3 51. Re8+ Kh7 52. Qxd3 Rxd3 53. Rxc8 Bxb4 54. Rc1 h5 55. c6 Ba5 56. c7 Bxc7 57. R1xc7 Kg7 58. Rb8 Rd6 59. Rbb7 Rf6+ 60. Kg3 g5 61. Rc5 Kg6 62. Rbb5 g4 63. Rg5+ Kh7 64. Rxh5+ Kg7 65. Kxg4 Kf8 66. Rhf5 Re6 67. Rb8+ Kg7 68. Rb7 Kg6 69. Rbxf7 Re4+ 70. Rf4 Re6 71. R7f5 Rd6 72. Rg5+ Kh6 73. Kh4 Rc6 74. Rfg4 Rd6 75. Rh5# 1-0


[Site "https://www.chess.com"]

[Event "Titled Tuesday Blitz May 03 Early 2022"]
[White "Terzi, Alexei"]
[Black "Vasquez Schroeder, Rodrigo"]
[WhiteFideId "13505076"]
[BlackFideId "3400042"]
[WhiteElo "2535"]
[BlackElo "2871"]
[Result "0-1"]
[Round "05"]
[TimeControl "180+1"]
[Date "2022.05.03"]
[WhiteClock "0:00:24"]
[BlackClock "0:00:25"]

1. e4 c5 2. Nc3 a6 3. g3 d6 4. Bg2 Nc6 5. f4 g6 6. Nf3 Bg7 7. O-O e6 8. d3 Nge7 9. Be3 Rb8 10. Qd2 b5 11. Rae1 b4 12. Nd1 O-O 13. d4 cxd4 14. Nxd4 Qc7 15. Nxc6 Nxc6 16. Kh1 Rd8 17. f5 exf5 18. exf5 Bxf5 19. Bh6 Ne5 20. Bxg7 Kxg7 21. Ne3 Be6 22. Qd4 f6 23. Rf2 Rf8 24. Rd2 Rfd8 25. Rf2 Qc5 26. Qf4 Rf8 27. Rd2 Rbd8 28. Red1 a5 29. h4 h5 30. Be4 Nf7 31. Bd5 Rde8 32. Rf1 Ne5 33. Be4 Rd8 34. Rfd1 Ng4 35. Nxg4 Bxg4 36. Rf1 Qe5 37. Bd5 Qxf4 38. Rxf4 Rfe8 39. a3 bxa3 40. bxa3 Re5 41. Ra4 Rxd5 42. Rxd5 Bf3+ 43. Kg1 Bxd5 44. Rxa5 Bc4 45. Ra7+ Kf8 46. Rc7 d5 47. Kf2 Ra8 48. a4 Rxa4 49. Ke3 Ra2 50. Kd4 Rxc2 51. Rh7 Re2 52. Kc5 Re3 53. Kd6 d4 54. Kc5 Bf7 55. Rh8+ Kg7 56. Rd8 d3 57. Kd4 Rxg3 58. Kc3 Rg4 59. Kd2 Rxh4 60. Rxd3 Rh2+ 61. Ke1 h4 62. Kf1 g5 63. Kg1 Re2 64. Rd7 Re5 65. Ra7 Kg6 66. Ra6 Bc4 67. Kh2 Bxa6 68. Kh3 Bc8+ 0-1


[Site "https://www.chess.com"]

[Event "Titled Tuesday Blitz May 03 Early 2022"]
[White "Trost, Edvin"]
[Black "Matinian, Nikita"]
[WhiteFideId "1729519"]
[BlackFideId "24129100"]
[WhiteElo "2588"]
[BlackElo "2752"]
[Result "0-1"]
[Round "05"]
[TimeControl "180+1"]
[Date "2022.05.03"]
[WhiteClock "0:00:02"]
[BlackClock "0:00:48"]

1. d4 Nf6 2. c4 g6 3. Nc3 Bg7 4. e4 d6 5. Be2 O-O 6. Be3 Na6 7. h4 c5 8. d5 h5 9. f3 e6 10. Qd2 exd5 11. cxd5 Nc7 12. a4 Re8 13. Nh3 Bxh3 14. Rxh3 a6 15. a5 Rb8 16. Kf2 b5 17. axb6 Rxb6 18. Rhh1 Nb5 19. Nxb5 axb5 20. Bd3 Rb7 21. Ra6 c4 22. Bb1 b4 23. Rc1 c3 24. Qd3 cxb2 25. Rcc6 Nxe4+ 26. fxe4 Qxh4+ 27. Kf1 Qh1+ 28. Bg1 Rbe7 29. Rc4 f5 30. Rxd6 Rxe4 31. Rxe4 Rxe4 32. Qf3 Re1+ 33. Kxe1 Qxg1+ 34. Qf1 Qe3+ 35. Kd1 Qc1+ 36. Ke2 Kh7 37. Rc6 Bc3 38. Rc7+ Kh6 39. Qd1 Qf4 40. Qd3 Qxc7 41. d6 Qd8 42. Qe3+ Kg7 43. Qd3 Qe8+ 44. Kf3 Qc6+ 45. Kf2 Bf6 46. d7 h4 47. Kg1 Qc1+ 48. Kh2 Be5+ 0-1


[Site "https://www.chess.com"]

[Event "Titled Tuesday Blitz May 03 Early 2022"]
[White "Urbina Perez, Juan Antonio"]
[Black "Bendayan Claros, Aaron"]
[WhiteFideId "2217368"]
[BlackFideId "3803392"]
[WhiteElo "2192"]
[BlackElo "2132"]
[Result "0-1"]
[Round "05"]
[TimeControl "180+1"]
[Date "2022.05.03"]
[WhiteClock "0:00:29"]
[BlackClock "0:00:08"]

1. Nf3 d5 2. g3 Bg4 3. Bg2 Nd7 4. d4 e6 5. O-O c6 6. Nbd2 Ngf6 7. Re1 Be7 8. c3 O-O 9. Qb3 Qb6 10. e4 dxe4 11. Nxe4 Nxe4 12. Rxe4 Nf6 13. Re1 Bf5 14. Ne5 h6 15. Qxb6 axb6 16. a3 b5 17. Bd2 Rfd8 18. Be3 Nd5 19. Bd2 Nb6 20. Rad1 Na4 21. Bc1 Bc2 22. Rd2 Bb3 23. Rde2 Bd5 24. Bh3 Bg5 25. f4 Bf6 26. Nf3 Bxf3 27. Re3 Bd5 28. Kf2 Nb6 29. f5 exf5 30. Bxf5 g6 31. Bh3 Kg7 32. R3e2 Bc4 33. Re4 Bd5 34. R4e2 Nc4 35. Bf4 g5 36. Bc7 Rf8 37. Bf5 Bd8 38. Be5+ Nxe5 39. dxe5 Bb6+ 40. Kf1 Bc4 41. h4 Bxe2+ 42. Kxe2 Rfe8 43. Kf3 Rad8 44. hxg5 hxg5 45. Kg4 f6 46. e6 Bc7 47. Rh1 Rh8 48. Re1 Be5 49. Re2 Rd1 50. Rg2 Re1 51. Rd2 Re3 52. Rd7+ Kh6 53. Bc2 Rxg3+ 54. Kf5 Rf3+ 55. Ke4 Rf4+ 56. Ke3 g4 57. Rf7 Rf3+ 58. Ke4 Rf4+ 59. Ke3 Rg8 60. Rh7+ Kg5 61. Rf7 Rf3+ 62. Ke4 Bd6 63. e7 Bxe7 64. Rxe7 Rf2 65. Bb3 Re2+ 0-1


[Site "https://www.chess.com"]

[Event "Titled Tuesday Blitz May 03 Early 2022"]
[White "Valle Maytin, Luis Enrique"]
[Black "Avazkhonov, Alikhon"]
[WhiteFideId "3503666"]
[BlackFideId "14208504"]
[WhiteElo "2289"]
[BlackElo "1739"]
[Result "1-0"]
[Round "05"]
[TimeControl "180+1"]
[Date "2022.05.03"]
[WhiteClock "0:00:50"]
[BlackClock "0:00:05"]

1. e4 c6 2. d4 d5 3. e5 Bf5 4. g4 Be4 5. f3 Bg6 6. e6 Qd6 7. exf7+ Bxf7 8. Ne2 Nf6 9. Bf4 Qe6 10. Nd2 Nbd7 11. h4 h5 12. g5 Nh7 13. Bh3 Qg6 14. Bc7 Nxg5 15. hxg5 Qxg5 16. Bf4 Qh4+ 17. Bg3 Qf6 18. c3 h4 19. Bh2 Bh5 20. Qb3 O-O-O 21. Be5 Qh6 22. O-O-O Rg8 23. Nf4 g5 24. Ne6 1-0


[Site "https://www.chess.com"]

[Event "Titled Tuesday Blitz May 03 Early 2022"]
[White "Van den Dikkenberg, Erik"]
[Black "Shtyka, Sergey"]
[WhiteFideId "1005880"]
[BlackFideId "4138465"]
[WhiteElo "2118"]
[BlackElo "2014"]
[Result "0-1"]
[Round "05"]
[TimeControl "180+1"]
[Date "2022.05.03"]
[WhiteClock "0:00:14"]
[BlackClock "0:00:28"]

1. e4 c5 2. Nc3 d6 3. f4 g6 4. Nf3 Bg7 5. Bb5+ Nd7 6. O-O a6 7. Bxd7+ Bxd7 8. d3 Nh6 9. Qe1 O-O 10. h3 b5 11. f5 b4 12. Ne2 gxf5 13. Qh4 fxe4 14. dxe4 Nf5 15. exf5 Bxf5 16. c3 a5 17. Bh6 e6 18. Qxd8 Rfxd8 19. Bxg7 Kxg7 20. Ng3 Bg6 21. Rad1 Rab8 22. c4 a4 23. h4 h5 24. Ng5 b3 25. a3 d5 26. cxd5 Rxd5 27. N5e4 c4 28. Rc1 Rc8 29. Rc3 Re5 30. Nd6 Rc6 31. Nxc4 Rec5 32. Rfc1 Bc2 33. Ne3 Rxc3 34. bxc3 b2 35. Re1 b1=Q 36. Rxb1 Bxb1 37. Nxh5+ Kh6 38. Nf4 Rxc3 39. Ng4+ Kg7 40. h5 Rc4 41. h6+ Kh7 42. g3 Bf5 43. Ne5 Rc1+ 44. Kf2 f6 45. Nf3 Kxh6 46. Nd4 Rc3 47. Ndxe6 Bxe6 48. Nxe6 Rxa3 49. Nc5 Ra1 50. Ke3 a3 51. Kf4 a2 52. g4 Rf1+ 0-1


[Site "https://www.chess.com"]

[Event "Titled Tuesday Blitz May 03 Early 2022"]
[White "Vignesh, N R"]
[Black "Nguyen Hong Nhung"]
[WhiteFideId "25012215"]
[BlackFideId "12412201"]
[WhiteElo "2704"]
[BlackElo "2514"]
[Result "1-0"]
[Round "05"]
[TimeControl "180+1"]
[Date "2022.05.03"]
[WhiteClock "0:00:41"]
[BlackClock "0:00:16"]

1. d4 Nf6 2. c4 c5 3. d5 b5 4. Qc2 e6 5. e4 exd5 6. cxd5 a6 7. a4 b4 8. Bd3 d6 9. Ne2 g6 10. b3 Bg7 11. Bb2 O-O 12. Nd2 Re8 13. O-O Nbd7 14. Nc4 Nb6 15. Na5 Bd7 16. Nc4 Nxc4 17. Qxc4 Qe7 18. f3 a5 19. Rae1 Nxd5 20. Bxg7 Nb6 21. Qc2 Kxg7 22. f4 Qe6 23. f5 Qe5 24. Qd2 f6 25. Kh1 Rac8 26. Ba6 Rc7 27. Rd1 Qxe4 28. Qxd6 Rc6 29. Qd2 Qxe2 30. Bxe2 Bxf5 31. Bb5 Rce6 32. Bxe8 Rxe8 33. Rfe1 Rf8 34. Re7+ Kh8 35. Qh6 1-0


[Site "https://www.chess.com"]

[Event "Titled Tuesday Blitz May 03 Early 2022"]
[White "Vlassov, Nikolai"]
[Black "Vovk, Orest"]
[WhiteFideId "4103360"]
[BlackFideId "14113490"]
[WhiteElo "2407"]
[BlackElo "2203"]
[Result "0-1"]
[Round "05"]
[TimeControl "180+1"]
[Date "2022.05.03"]
[WhiteClock "0:00:01"]
[BlackClock "0:00:04"]

1. e4 g5 2. d4 h6 3. Nc3 Bg7 4. h4 g4 5. Be3 d6 6. Bc4 c6 7. Qd2 Qa5 8. O-O-O b5 9. Bb3 Nd7 10. f4 Ngf6 11. e5 b4 12. Na4 Ne4 13. Qe1 d5 14. Ne2 Nb6 15. Nc5 Nxc5 16. dxc5 Nc4 17. Bd4 Qb5 18. c3 a5 19. cxb4 axb4 20. Ng3 h5 21. f5 Bh6+ 22. Kb1 Bf4 23. Rf1 Bxg3 24. Qxg3 Nd2+ 25. Rxd2 Qxf1+ 26. Rd1 Bxf5+ 27. Kc1 Qe2 28. e6 f6 29. Qc7 Kf8 30. Bxf6 Qxe6 31. Bxh8 Qe4 32. Qxc6 Qb1+ 33. Kd2 Qxb2+ 34. Ke3 Rxa2 35. Bxb2 Kf7 0-1


[Site "https://www.chess.com"]

[Event "Titled Tuesday Blitz May 03 Early 2022"]
[White "Vokarev, Sergey"]
[Black "Murtazin, Bulat"]
[WhiteFideId "4119711"]
[BlackFideId "24151351"]
[WhiteElo "2343"]
[BlackElo "2329"]
[Result "1-0"]
[Round "05"]
[TimeControl "180+1"]
[Date "2022.05.03"]
[WhiteClock "0:01:25"]
[BlackClock "0:00:01"]

1. e4 c6 2. d4 d5 3. Nd2 dxe4 4. Nxe4 Bf5 5. Nc5 e5 6. Nxb7 Qxd4 7. Qxd4 exd4 8. Nf3 c5 9. Bd3 Be6 10. Be4 Nf6 11. Nd6+ Bxd6 12. Bxa8 Kd7 13. Ng5 Bc4 14. b3 Re8+ 15. Be3 Bb5 16. O-O-O dxe3 17. Nxf7 e2 18. Rxd6+ Ke7 19. Re1 Kxf7 20. c4 Bd7 21. Rd2 Bc6 22. Bxc6 Nxc6 23. Rexe2 Rb8 24. f3 Nd4 25. Re5 Nd7 26. Rd5 Rb7 27. b4 Ke6 28. bxc5 Nc6 29. Rd6+ Ke7 30. Rxc6 1-0


[Site "https://www.chess.com"]

[Event "Titled Tuesday Blitz May 03 Early 2022"]
[White "Vusatiuk, Vladimir"]
[Black "Yuan, Qingyu"]
[WhiteFideId "14118610"]
[BlackFideId "8609772"]
[WhiteElo "2522"]
[BlackElo "2803"]
[Result "0-1"]
[Round "05"]
[TimeControl "180+1"]
[Date "2022.05.03"]
[WhiteClock "0:00:09"]
[BlackClock "0:00:11"]

1. d4 d5 2. c4 e6 3. Nc3 Nf6 4. cxd5 exd5 5. Bg5 c6 6. e3 h6 7. Bh4 Be7 8. Bd3 O-O 9. Qc2 Re8 10. Nf3 Ne4 11. Bxe7 Qxe7 12. Bxe4 dxe4 13. Nd2 f5 14. O-O Be6 15. Rab1 Nd7 16. b4 b5 17. a4 a6 18. d5 Bxd5 19. Nxd5 cxd5 20. axb5 axb5 21. Qc6 Qe6 22. Qxb5 Reb8 23. Qe2 Ra2 24. Rfc1 Ne5 25. Qd1 Nd3 26. Rc2 Ra4 27. b5 Ra5 28. Rc6 Qd7 29. g3 Raxb5 30. Rxb5 Rxb5 31. Ra6 Rb2 32. Qh5 Rxd2 33. Qg6 Qc8 34. Rc6 Qf8 35. Qe6+ Kh7 36. Rc8 Qf6 37. Qg8+ Kg6 38. Qe8+ Kg5 39. Kg2 Rxf2+ 40. Kh3 Re2 41. Rc6 Nf2+ 42. Kg2 Ng4+ 43. Kf1 Rf2+ 44. Ke1 Qa1+ 45. Rc1 Qxc1# 0-1


[Site "https://www.chess.com"]